 Dungeon Crawl Stone Soup version 0.16.2-12-gd0ad4c3 (webtiles) character file.

39 Theosophistos the Conjurer (level 3, 0/16 HPs)
             Began as a Spriggan Conjurer on Oct 24, 2015.
             Slain by an adder (3 damage)
             ... on level 2 of the Dungeon.
             The game lasted 00:29:58 (1346 turns).

Theosophistos the Conjurer (Spriggan Conjurer)      Turns: 1346, Time: 00:29:58

Health: 0/16       AC:  5    Str:  4    XL:     3   Next: 26%
Magic:  3/9        EV: 18    Int: 17    God:
Gold:   55         SH:  0    Dex: 16    Spells: 1 memorised, 6 levels left

rFire  . . .     SeeInvis +     u - +0 hunting sling
rCold  . . .     Clarity  .     s - +0 robe
rNeg   . . .     SustAb   .     (shield restricted)
rPois  .         Gourm    .     (helmet restricted)
rElec  .         Spirit   .     n - +2 cloak
rCorr  .         Warding  .     (gloves unavailable)
rMut   .         Stasis   .     (boots unavailable)
MR     .....                    (no amulet)
Stlth  +++.......               (no ring)
                                g - ring of wizardry

@: lethally poisoned (0 -> -8), very quick, not resistant to hostile
enchantments, fairly stealthy
A: unfitting armour, see invisible, herbivore 3, speed 3, slow metabolism 2
a: no special abilities


You were on level 2 of the Dungeon.
You were not hungry.

You visited 1 branch of the dungeon, and saw 2 of its levels.

You collected 55 gold pieces.

Inventory:

Hand weapons
 j - a +0 spear
 o - a +0 hunting sling
 u - a +0 hunting sling (weapon)
 v - a +0 dagger of protection
Missiles
 e - 12 poisoned needles
 k - 61 stones (quivered)
Armour
 a - a +0 robe
 n - a +2 cloak (worn)
 s - a +0 robe (worn)
Jewellery
 g - a ring of wizardry (left hand)
Scrolls
 d - a scroll of identify {unknown}
 f - a scroll of fog {unknown}
 h - a scroll of enchant armour {unknown}
 l - a scroll of fear {unknown}
 m - a scroll of recharging {unknown}
 p - a scroll of remove curse {unknown}
Potions
 i - a potion of flight {unknown}
 r - a potion of might {unknown}
Books
 c - a book of Conjurations

   Spells                             Type                      Level
   a - Magic Dart                     Conjuration                  1
   b - Searing Ray                    Conjuration                  2
   c - Dazzling Spray                 Conjuration/Hexes            3
   d - Fulminant Prism                Conjuration/Hexes            4
   e - Iskenderun's Mystic Blast      Conjuration                  4
   f - Iskenderun's Battlesphere      Conjuration/Charms           5
Comestibles
 b - a bread ration
 q - 3 fruits
 t - a beef jerky


   Skills:
 + Level 3.2 Dodging
 + Level 3.3 Stealth
 + Level 2.9 Spellcasting
 + Level 3.6 Conjurations


You had 6 spell levels left.
You knew the following spells:

 Your Spells              Type           Power        Failure   Level  Hunger
a - Magic Dart            Conj           ##..         1%          1    None


Dungeon Overview and Level Annotations

Branches:
Dungeon (2/15)

Altars:


Innate Abilities, Weirdness & Mutations

You are tiny and cannot use many weapons and most armour.
You have supernaturally acute eyesight.
You are a herbivore.
You cover ground extremely quickly.
You need consume almost no food.


Message History

You shoot a stone. The stone barely misses the adder.
You feel sick. The adder bites you.
You are more poisoned.
The adder poisons you! The adder bites you but does no damage.
The worm bites you.
Firing (i - inventory):
k - 62 stones (quivered)
Press: ? - help, Shift-Dir - straight line, f/p - adder
Aim: an adder (severely wounded)
You shoot a stone. The stone closely misses the adder.
The adder bites you.
* * * LOW HITPOINT WARNING * * *
Casting: Magic Dart
Confirm with . or Enter, or press ? or * to list all spells.
Aiming: Magic Dart
Press: ? - help, Shift-Dir - straight line, f/p - adder
Aim: an adder (severely wounded)
The magic dart hits the adder.
The adder is almost dead.
* * * LOW HITPOINT WARNING * * *
You feel sick. The adder misses you. The worm misses you. The adder bites you.
You die...

#....###....)##
#.....#.....#.#
###........#..#
######..#...#
##### ######...##
#....##...##...##
#.....#...#...#
#..w#.#...#..#
#(S@#.....#.#
#..(.#...##...##
#... ##########
#... #.. .


You could see a worm and an adder.

Vanquished Creatures
  A gnoll (D:1)
  3 giant geckos
  2 giant cockroaches (D:1)
  7 goblins
  4 hobgoblins
  3 bats (D:1)
  2 giant newts
  3 kobolds
  A rat (D:1)
26 creatures vanquished.

Notes
Turn   | Place    | Note
--------------------------------------------------------------
     0 | D:1      | Theosophistos, the Spriggan Conjurer, began the quest for the Orb.
     0 | D:1      | Reached XP level 1. HP: 9/9 MP: 4/4
   217 | D:1      | Reached XP level 2. HP: 2/13 MP: 3/7
   892 | D:1      | Reached XP level 3. HP: 16/16 MP: 5/9
  1346 | D:2      | Slain by an adder

Action                   || total
-------------------------++-------
Melee: Dagger            ||    13
       Whip              ||     2
 Fire: Hunting sling     ||     9
 Cast: Magic Dart        ||    57
  Eat: Fruit             ||     1
